cohdb
Replays
Latest Replays
All Replays
Popular Replays
Top Player Replays
Match Explorer
How It Works
Community
CoH3 Stats
Reddit
Sign in to upload your games and track your stats! →
Sign in with Steam
Match 46230693
Unlisted
Match 46230693
Overview
Messages
Build Orders
End
Vickers Machine Gun Team
Construct Section Command Post
Selects Canadian Shock Battlegroup
Dingo Light Scout Car
Royal Engineer Section
Selects Offensive Resupply
Selects Canadian Shock Section
Canadian Shock Section
ML 3-inch Mortar Team
Canadian Shock Section
Construct Platoon Command Post
Selects Incendiary Munitions
Construct Company Command Post
Crusader II Medium Tank
Crusader II Medium Tank
Selects Pyrotechnics
Unlock M3 Grant Medium Tanks
Infantry Training
Selects Churchill Crocodile Heavy Tank
Churchill Crocodile Heavy Tank
Armored Vehicle Training
Selects Point Assault
M3 Grant Medium Tank
M3 Grant Medium Tank
M3 Grant Medium Tank
Icantcraftthis
pleguy3148
Mr. AAAAAAYYYle
Kray-Tos
0
0
Comments
sign in to comment!
No comments posted yet!